Map: Orbital Shipyard

Players

Bop - Winner!

  • Race: Zerg Zerg

SantaSam

  • Race: Zerg Zerg

VOD

Have the link to the VOD?

Description

Time

  • Played on: May 2, 2015, 4:49 a.m.
  • Length: 5:40
Show
View Real Time Build Order
Export as new Build Order

Bop Zerg - Winner!

Build Orders: Hatch First, Zergling Baneling 

Get SALT Encoding   

  12  0:01  Drone  
  13  0:08  Drone  
  14  0:17  Overlord  
  17  0:35  Drone x3  
  17  0:51  Hatchery  
  17  0:55  Drone  
  17  0:58  Drone  
  18  1:06  Extractor  
  17  1:15  Spawning Pool  
  16  1:19  Drone  
  16  1:21  Drone  
  18  1:32  Drone  
  19  2:01  Queen  
  19  2:03  Zergling x4  
  19  2:04  Queen  
  19  2:05  Drone x2  
  27  2:09  Metabolic Boost  
  27  2:14  Overlord  
  27  2:26  Drone  
  28  2:38  Drone, Baneling Nest  
  28  2:42  Drone x3, Queen  
  33  2:48  Drone x2  
  35  2:57  Overlord  
  35  3:04  Zergling x2  
  36  3:08  Zergling x2  
  35  3:14  Zergling x2  
  35  3:15  Overlord  
  36  3:20  Zergling x12  
  36  3:24  Baneling x2  
  42  3:27  Zergling x2  
  42  3:30  Overlord  
  42  3:43  Zergling x2  
  42  3:44  Zergling x12  
  48  3:53  Zergling x8  
  48  3:54  Zergling x2  
  51  4:10  Zergling x6  
  46  4:19  Zergling x10  
  46  4:26  Zergling x8  
  47  4:36  Zergling x4  
  48  4:40  Baneling x5  
  48  4:44  Zergling x4  
  50  4:46  Baneling  
  50  4:55  Zergling x2  
  50  4:56  Zergling x18  
  59  5:09  Zergling x2  
  59  5:10  Overlord  
Show
View Real Time Build Order
Export as new Build Order

SantaSam Zerg 

Build Orders: Pool First 

Get SALT Encoding   

  12  0:01  Drone  
  13  0:12  Overlord  
  13  0:20  Drone  
  14  0:24  Extractor  
  14  0:25  Drone  
  14  0:32  Drone  
  15  0:39  Drone  
  16  0:48  Spawning Pool  
  15  0:54  Drone  
  16  1:01  Drone  
  17  1:10  Drone  
  18  1:19  Overlord  
  18  1:32  Hatchery  
  17  1:40  Metabolic Boost  
  17  1:47  Queen  
  17  1:52  Drone  
  20  1:54  Drone  
  21  2:02  Baneling Nest  
  21  2:06  Drone  
  21  2:11  Overlord  
  21  2:30  Drone  
  21  2:31  Drone  
  21  2:36  Zergling x2  
  24  2:44  Zergling x2  
  24  2:46  Queen  
  24  2:48  Zergling x2  
  28  2:58  Zergling x10  
  33  3:10  Zergling x2  
  33  3:11  Zergling x4  
  35  3:21  Overlord x2  
  35  3:40  Zergling x10  
  39  3:43  Zergling x2  
  39  3:45  Baneling x4  
  39  3:48  Zergling x4  
  39  3:59  Drone x5  
  39  4:02  Drone x3  
  37  4:14  Zergling x4  
  37  4:15  Zergling x4  
  35  4:24  Zergling x2  
  35  4:29  Zergling x2  
  33  4:37  Drone x4  
  37  4:53  Zergling x6  
  37  4:54  Zergling x2  
  37  4:57  Baneling  
  37  4:58  Baneling  
  41  5:08  Zergling x10  
  41  5:09  Zergling x4  
  41  5:13  Baneling x4  
Tags
 
Add a new tag
Caveats
  • Supply blocks, unpowered buildings, or Contaminate may cause inaccurate times.
  • Supply counts are checked every 10 seconds.